 Dungeon Crawl Stone Soup version 0.22-a0-160-gcc81d7a (webtiles) character file.

63 KristoblXynda the Slasher (level 3, 0/27 HPs)
             Began as a Demonspawn Gladiator on Feb 9, 2018.
             Killed by nerve-wracking pain
             ... invoked by Jessica
              (14 damage)
             ... on level 2 of the Dungeon on Feb 10, 2018.
             The game lasted 00:01:50 (1336 turns).

KristoblXynda the Slasher (Demonspawn Gladiator)    Turns: 1336, Time: 00:01:51

Health: 0/27       AC: 10    Str: 14    XL:     3   Next: 87%
Magic:  3/3        EV: 12    Int: 10    God:
Gold:   16         SH:  0    Dex: 14    Spells: 2/2 levels left

rFire    . . .     SeeInvis .   a - +0 long sword
rCold    . . .     Gourm    .   (no shield)
rNeg     . . .     Faith    .   t - +0 ring mail
rPois    +         Spirit   .   c - +0 helmet
rElec    .         Reflect  .   q - +2 cloak {rPois}
rCorr    .         Harm     .   (no gloves)
MR       .....                  (no boots)
Stlth    +.........             (no amulet)
HPRegen  0.09/turn              (no ring)
MPRegen  0.08/turn              (no ring)

@: no status effects
A: rugged brown scales 1, powered by death 1
a: no special abilities


You were on level 2 of the Dungeon.
You were hungry.

You visited 1 branch of the dungeon, and saw 2 of its levels.

You collected 16 gold pieces.

Inventory:

Hand Weapons
 a - a +0 long sword (weapon)
Missiles
 d - 3 throwing nets (quivered)
Armour
 c - a +0 helmet (worn)
 q - a +2 cloak of poison resistance (worn)
 t - a +0 ring mail (worn)
Scrolls
 e - a scroll of enchant weapon {unknown}
 h - a scroll of remove curse {unknown}
 j - a scroll of immolation {unknown}
 k - a scroll of blinking {unknown}
 m - 3 scrolls of teleportation {unknown}
 o - 2 scrolls of identify {unknown}
 s - a scroll of fear {unknown}
Potions
 g - 2 potions of resistance {unknown}
 i - a potion of haste {unknown}
 l - a potion of lignification {unknown}
 n - 2 potions of invisibility {unknown}
 p - a potion of degeneration {unknown}
Comestibles
 f - 2 rations


   Skills:
 - Level 2.0 Fighting
 * Level 3.6 Long Blades
 - Level 2.0 Throwing
 + Level 0.6 Armour
 + Level 3.2 Dodging


You had 2 spell levels left.
You didn't know any spells.

Dungeon Overview and Level Annotations

Branches:
Dungeon (2/15)

Altars:
Elyvilon
Xom

Annotations:
D:2 Jessica


Innate Abilities, Weirdness & Mutations

You are partially covered in rugged brown scales. (AC +1, +3% HP)
You regenerate a little health from kills.


Message History

Items here: )) [ †† a club; a flail; a scale mail; a hobgoblin corpse; the human corpse of Terence You start resting.
HP restored.
You start waiting.
You are feeling hungry.
As you open the door, it creaks loudly!
Jessica the Apprentice Sorceress comes into view.
She is wielding a dagger of venom.
Jessica is nearby!
There is an open door here.
You barely miss Jessica. Jessica hits you but does no damage. x2
You hit Jessica but do no damage. Jessica casts a spell at you.
Pain shoots through your body!
You slash Jessica!
Jessica is severely wounded.
Jessica gestures at you while chanting. Pain shoots through your body!
Ouch! That really hurt!
You die...

...........
..........#
..........#
..........### #
^.........#.. #.
≈#........#.#### #..
##§#........#.....
#..≈#^#######'###...##
#....@........)...>...
#...@########.###.....
#### #.... #.###.#...
..# #...... #.........
###.# .......
##.##.#.##
.#<..###########
#.##.#... .........#
#..#.#### .........#
#..#.# #........#
#..#.#


You could see Jessica.

Vanquished Creatures
  Terence (D:2)
  2 dart slugs
  3 leopard geckos (D:1)
  4 bats
  2 giant cockroaches (D:1)
  2 goblins
  3 hobgoblins (D:2)
  A quokka (D:2)
  A ball python (D:1)
  A frilled lizard (D:2)
  4 kobolds
  8 rats (D:1)
32 creatures vanquished.

Notes
Turn   | Place    | Note
-------+----------+-------------------------------------------
     0 | D:1      | KristoblXynda the Demonspawn Gladiator began the quest for the Orb.
     0 | D:1      | Reached XP level 1. HP: 16/16 MP: 1/1
   210 | D:1      | Gained mutation: You are partially covered in rugged brown scales. (AC +1, +3% HP) [demonic ancestry]
   210 | D:1      | Reached XP level 2. HP: 11/22 MP: 2/2
   761 | D:1      | Upgraded the game from 0.22-a0-159-g7ce444f to 0.22-a0-160-gcc81d7a
  1026 | D:2      | Found a shimmering altar of Xom.
  1026 | D:2      | Found a white marble altar of Elyvilon.
  1061 | D:2      | Gained mutation: You regenerate a little health from kills. [demonic ancestry]
  1061 | D:2      | Reached XP level 3. HP: 22/27 MP: 3/3
  1158 | D:2      | Noticed Terence
  1174 | D:2      | Killed Terence
  1333 | D:2      | Noticed Jessica
  1336 | D:2      | Killed from afar by Jessica

Vault maps used:
D:1:      onia_arrival_mini_spirals, serial_park_tiny_pond, minivault_4
D:2:      grunt_temple_overflow_forces_of_nature, tso_altar,
          amethyst_overflow_temple_binary, uniq_terence, uniq_jessica

Skill      XL: |  1  2 |
---------------+-------+-----
Throwing       | 2 |  2.0
Long Blades    | 3 |  3.6
Dodging        | 3 |  3.2
Fighting       | |  2.0
Armour         | |  0.6

Action                   || total
-------------------------++-------
Melee: Long sword        ||   101
  Eat: Chunk             ||     1
Armor: Leather armour    ||    34
       Ring mail         ||    17
Dodge: Dodged            ||    80
       Rpst.: Long sword ||    19

Table legend:
 A = Spawn XP
 B = Non-spawn XP
 C = Spawn XP percentage of total XP
 D = Spawn monster count
 E = Non-spawn monster count
 F = Spawn count percentage of total count
 G = Total turns spent on level
                    A         B        C        D         E        F      G
               +---------+---------+-------+---------+---------+-------+---------
         Total |       0 |      90 |   0.0 |       0 |      32 |   0.0 |  1336
               +---------+---------+-------+---------+---------+-------+---------
           D:1 |       0 |      37 |   0.0 |       0 |      22 |   0.0 |   991
           D:2 |       0 |      53 |   0.0 |       0 |      10 |   0.0 |   345
               +---------+---------+-------+---------+---------+-------+---------
